AoeStats
← Cr7juventus

Nomad

508452331Analyzed
4v4 RM · 8d ago on Sep 22, 2026· 37m 47s· 8 players
Game mode
Random Map
Map size
231×231
Population
200
Speed
Normal
Resources
Standard
Victory
Conquest
Starting age
Dark Age
Ending age
Imperial Age
RankedLock teamsTeams togetherTeam positionsShared explorationLock speedFull tech treeHidden civsTurbo modeCheats
Victory
Defeat
🇻🇳 Magyars · Vietnam
908
+15
🇧🇪 Mongols · Belgium
885
+16
🇦🇷 Franks · Argentina
872
+16
🇨🇿 Japanese · Czechia
814
+18
🇪🇸 Bohemians · Spain
894
-17
🇫🇷 Khmer · France
885
-17
🇹🇷 Aztecs · Türkiye
879
-16
🇪🇸 Malay · Spain
838
-15
TheCucumberLord
4:40 Loom
21:58 Feudal Age
22:28 Town Watch
22:52 Horse Collar
23:38 Double-Bit Axe
23:44 Fishing Lines
24:06 Man-at-Arms
25:42 Forging
25:32 Scale Mail Armor
32:14 Castle Age
37:53 Iron Casting
37:33 Chain Mail Armor
Cr7juventus
4:38 Loom
19:08 Feudal Age
24:22 Castle Age
23:44 Scale Barding Armor
23:54 Forging
24:00 Bloodlines
24:04 Double-Bit Axe
25:10 Husbandry
DavidFe
10:59 Loom
15:44 Feudal Age
19:48 Castle Age
19:24 Double-Bit Axe
21:47 Bow Saw
22:47 Wheelbarrow
24:22 Stone Mining
Karlos
17:53 Feudal Age
24:53 Castle Age
22:48 Double-Bit Axe
Roberto_Panini
5:16 Loom
14:58 Feudal Age
20:47 Castle Age
20:26 Scale Mail Armor
22:26 Husbandry
24:03 Town Watch
24:50 Scale Barding Armor
27:56 Horse Collar
30:40 Wheelbarrow
36:23 Imperial Age
34:01 Double-Bit Axe
34:49 Pikeman
36:22 Man-at-Arms
37:04 Capped Ram
37:16 Long Swordsman
Thorfinn
14:53 Feudal Age
13:12 Loom
14:57 Feudal Age
16:52 Man-at-Arms
25:06 Double-Bit Axe
26:21 Scale Barding Armor
27:16 Gold Mining
29:52 Forging
29:34 Fletching
29:45 Padded Archer Armor
36:01 Castle Age
34:07 Scale Mail Armor
37:04 Crossbowman
37:47 Husbandry
37:07 Light Cavalry
38:44 Iron Casting
38:30 Chain Barding Armor
Ctibor
4:21 Loom
15:26 Feudal Age
20:20 Horse Collar
23:22 Castle Age
21:40 Double-Bit Axe
23:23 Man-at-Arms
24:10 Scale Mail Armor
26:05 Fletching
28:04 Wheelbarrow
27:34 Gold Mining
28:05 Forging
28:11 Chain Mail Armor
28:23 Bow Saw
28:16 Heavy Plow
34:22 Hand Cart
Peaky Blinders
5:04 Loom
15:41 Feudal Age
22:08 Castle Age
21:12 Double-Bit Axe
31:06 Fletching
34:18 Husbandry
34:29 Bloodlines
37:59 Imperial Age
36:13 Corvinian Army
36:24 Thumb Ring
37:39 Wheelbarrow
36:50 Town Watch
36:58 Town Watch
38:16 Town Patrol
Connection lost

Rejoining the realm…

Still unreachable

The connection could not be restored.

Session expired

The server has moved on; the page needs a fresh start.